[ AOE2 MATCH · #506774879 ]
UnrankedByzantines vs Italians
Rival team · LOSS
[ REPLAY ANALYSIS · EXTRACTED FROM THE RECORDED GAME ]
Feudal
8:31
Castle
26:19
Imperial
34:07
| APM avg | 75.6 |
| APM peak | 111 |
| eAPM avg | 41.4 |
| Villagers / military | 126 / 92 |
Focus
⚔️ 65.8% · 🌾 34.2%
Monk ×26 · Camel Scout ×24 · Scout Cavalry ×10 · Archer ×9 · Skirmisher ×8 · Spearman ×5
Feudal
13:18
Castle
18:09
Imperial
—
| APM avg | 58.8 |
| APM peak | 98 |
| eAPM avg | 35.9 |
| Villagers / military | 136 / 82 |
Focus
⚔️ 42.9% · 🌾 57.1%
Scout Cavalry ×27 · Monk ×20 · Spearman ×10 · Militia ×9 · Scorpion ×6 · Mangonel ×4
Match map
Initial resources + every placement click. Lines = walls · curves = elevation contours. ◆ gold · ⬟ stone · ● berries · ✦ relic · ◌ wall gap
Your base· Open — 5t gap
STORM | Noszombie's base· Open — 4t gap
Smoothed initial terrain · ◌ = detected wall gap · hover for details
Inputs per minute
— DS_VarVa - - STORM | Noszombie
Build order — DS_VarVa
First 150 of 351 actions detected
| 0:00 | Create | Villager (Male) |
| 0:01 | Create | Villager (Male) |
| 0:01 | Create | Villager (Male) |
| 0:02 | Build | House |
| 0:04 | Build | House |
| 0:10 | Create | Villager (Male) |
| 0:10 | Create | Villager (Male) |
| 1:15 | Create | Villager (Male) |
| 1:38 | Create | Villager (Male) |
| 1:38 | Create | Villager (Male) |
| 2:11 | Build | Lumber Camp |
| 2:16 | Create | Villager (Male) |
| 2:16 | Create | Villager (Male) |
| 2:36 | Create | Villager (Male) |
| 3:00 | Create | Villager (Male) |
| 3:00 | Create | Villager (Male) |
| 3:06 | Create | Villager (Male) |
| 3:06 | Create | Villager (Male) |
| 3:13 | Build | House |
| 3:53 | Create | Villager (Male) |
| 3:53 | Create | Villager (Male) |
| 4:16 | Create | Villager (Male) |
| 4:16 | Create | Villager (Male) |
| 4:35 | Create | Villager (Male) |
| 4:35 | Create | Villager (Male) |
| 4:52 | Create | Villager (Male) |
| 4:53 | Create | Villager (Male) |
| 4:53 | Create | Villager (Male) |
| 4:54 | Create | Villager (Male) |
| 4:54 | Create | Villager (Male) |
| 5:21 | Build | Mill |
| 5:29 | Research | Loom |
| 5:34 | Create | Villager (Male) |
| 6:11 | Research | Loom |
| 6:21 | Research | Feudal Age |
| 7:08 | Build | Barracks |
| 7:26 | Build | Palisade Wall |
| 7:27 | Build | Palisade Wall |
| 7:33 | Build | Palisade Wall |
| 7:34 | Build | Palisade Wall |
| 8:19 | Research | Loom |
| 8:31 | Age | Feudal Age |
| 8:31 | Create | Spearman |
| 8:32 | Create | Spearman |
| 8:34 | Create | Villager (Male) |
| 8:50 | Build | Archery Range |
| 8:54 | Build | House |
| 9:01 | Build | House |
| 9:10 | Create | Villager (Male) |
| 9:17 | Build | House |
| 9:26 | Research | Double-Bit Axe |
| 9:41 | Create | Skirmisher |
| 9:48 | Build | Watch Tower |
| 9:58 | Create | Villager (Male) |
| 9:59 | Create | Villager (Male) |
| 9:59 | Create | Villager (Male) |
| 10:00 | Create | Villager (Male) |
| 10:09 | Build | House |
| 10:12 | Create | Villager (Male) |
| 10:14 | Create | Skirmisher |
| 10:22 | Create | Skirmisher |
| 10:27 | Create | Villager (Male) |
| 10:27 | Create | Villager (Male) |
| 10:48 | Build | Stone Wall |
| 10:50 | Build | Stone Wall |
| 11:00 | Build | Palisade Wall |
| 11:08 | Create | Skirmisher |
| 11:16 | Create | Skirmisher |
| 11:20 | Create | Villager (Male) |
| 11:26 | Create | Skirmisher |
| 11:29 | Create | Villager (Male) |
| 11:30 | Build | House |
| 11:35 | Build | Blacksmith |
| 11:37 | Build | Blacksmith |
| 12:07 | Build | House |
| 12:10 | Build | House |
| 12:12 | Create | Spearman |
| 12:19 | Create | Villager (Male) |
| 12:27 | Research | Fletching |
| 12:38 | Create | Villager (Male) |
| 12:40 | Build | Mining Camp |
| 12:59 | Build | Palisade Wall |
| 13:00 | Create | Skirmisher |
| 13:05 | Build | House |
| 13:08 | Create | Villager (Male) |
| 13:11 | Build | Palisade Wall |
| 13:13 | Build | Palisade Wall |
| 13:18 | Create | Villager (Male) |
| 13:22 | Build | Palisade Wall |
| 13:22 | Build | Palisade Wall |
| 13:23 | Create | Villager (Male) |
| 13:36 | Create | Skirmisher |
| 13:43 | Build | Mining Camp |
| 13:54 | Build | Farm |
| 14:06 | Create | Archer |
| 14:09 | Create | Villager (Male) |
| 14:20 | Create | Villager (Male) |
| 14:46 | Create | Villager (Male) |
| 14:53 | Create | Archer |
| 14:54 | Create | Villager (Male) |
| 15:05 | Build | Palisade Wall |
| 15:06 | Build | Palisade Wall |
| 15:10 | Create | Archer |
| 15:31 | Create | Villager (Male) |
| 15:42 | Create | Villager (Male) |
| 15:48 | Create | Archer |
| 15:56 | Create | Villager (Male) |
| 15:58 | Build | Archery Range |
| 15:59 | Create | Villager (Male) |
| 16:03 | Build | Farm |
| 16:27 | Create | Villager (Male) |
| 16:29 | Build | Market |
| 16:33 | Create | Villager (Male) |
| 16:34 | Create | Villager (Male) |
| 16:35 | Build | Farm |
| 16:43 | Create | Villager (Male) |
| 16:43 | Create | Villager (Male) |
| 16:52 | Create | Archer |
| 16:59 | Create | Villager (Male) |
| 17:15 | Create | Archer |
| 17:26 | Build | House |
| 17:45 | Create | Villager (Male) |
| 17:47 | Build | Farm |
| 17:47 | Build | Farm |
| 17:52 | Build | Palisade Wall |
| 17:56 | Create | Archer |
| 17:59 | Create | Villager (Male) |
| 17:59 | Create | Villager (Male) |
| 18:07 | Build | Watch Tower |
| 18:13 | Create | Spearman |
| 18:13 | Create | Spearman |
| 18:17 | Create | Villager (Male) |
| 18:49 | Create | Villager (Male) |
| 18:50 | Create | Villager (Male) |
| 18:50 | Create | Villager (Male) |
| 19:00 | Create | Villager (Male) |
| 19:06 | Create | Villager (Male) |
| 19:08 | Build | Outpost |
| 19:10 | Build | Outpost |
| 19:17 | Create | Villager (Male) |
| 19:19 | Create | Villager (Male) |
| 19:22 | Build | Stable |
| 19:28 | Build | Farm |
| 19:29 | Build | Farm |
| 19:32 | Build | Farm |
| 19:44 | Build | House |
| 19:50 | Create | Villager (Male) |
| 20:22 | Create | Scout Cavalry |
| 20:22 | Create | Scout Cavalry |
| 20:32 | Build | House |
Build order — STORM | Noszombie
First 150 of 363 actions detected
| 0:02 | Create | Villager (Male) |
| 0:02 | Create | Villager (Male) |
| 0:03 | Build | House |
| 0:05 | Build | House |
| 0:06 | Create | Villager (Male) |
| 0:19 | Create | Villager (Male) |
| 0:19 | Create | Villager (Male) |
| 1:19 | Create | Villager (Male) |
| 2:01 | Create | Villager (Male) |
| 2:01 | Create | Villager (Male) |
| 2:01 | Create | Villager (Male) |
| 2:17 | Build | Lumber Camp |
| 2:24 | Create | Villager (Male) |
| 2:43 | Create | Villager (Male) |
| 2:43 | Create | Villager (Male) |
| 3:09 | Create | Villager (Male) |
| 3:53 | Build | House |
| 3:56 | Create | Villager (Male) |
| 4:01 | Create | Villager (Male) |
| 4:01 | Create | Villager (Male) |
| 4:36 | Build | Barracks |
| 4:45 | Create | Villager (Male) |
| 4:57 | Create | Villager (Male) |
| 5:11 | Build | House |
| 5:32 | Create | Villager (Male) |
| 5:35 | Create | Militia |
| 5:35 | Create | Militia |
| 5:51 | Build | Mining Camp |
| 6:01 | Create | Militia |
| 6:08 | Create | Villager (Male) |
| 6:13 | Create | Militia |
| 6:19 | Create | Villager (Male) |
| 6:43 | Build | Mill |
| 6:53 | Build | Palisade Wall |
| 6:55 | Build | Palisade Wall |
| 7:04 | Create | Villager (Male) |
| 7:22 | Create | Villager (Male) |
| 7:40 | Build | House |
| 7:51 | Research | Loom |
| 7:53 | Create | Militia |
| 7:53 | Create | Militia |
| 7:59 | Build | House |
| 8:03 | Research | Loom |
| 8:08 | Create | Villager (Male) |
| 8:15 | Build | Palisade Wall |
| 8:18 | Create | Villager (Male) |
| 8:22 | Build | Palisade Wall |
| 8:27 | Create | Militia |
| 8:31 | Create | Villager (Male) |
| 8:50 | Create | Villager (Male) |
| 8:57 | Build | Palisade Wall |
| 8:58 | Create | Villager (Male) |
| 9:06 | Create | Villager (Male) |
| 9:12 | Build | Palisade Wall |
| 9:14 | Create | Militia |
| 9:28 | Build | Palisade Wall |
| 9:40 | Build | Farm |
| 9:41 | Build | Farm |
| 9:43 | Create | Villager (Male) |
| 9:43 | Create | Villager (Male) |
| 9:46 | Build | Mill |
| 9:54 | Create | Villager (Male) |
| 10:06 | Create | Villager (Male) |
| 10:18 | Create | Villager (Male) |
| 10:37 | Build | Farm |
| 11:01 | Build | Palisade Wall |
| 11:08 | Research | Feudal Age |
| 11:08 | Research | Feudal Age |
| 12:40 | Build | Palisade Wall |
| 13:18 | Age | Feudal Age |
| 13:21 | Research | Man-at-Arms (upgrade) |
| 13:25 | Build | Watch Tower |
| 13:28 | Create | Villager (Male) |
| 13:29 | Create | Villager (Male) |
| 13:42 | Build | Market |
| 13:57 | Build | Blacksmith |
| 14:12 | Build | Farm |
| 14:30 | Create | Villager (Male) |
| 14:32 | Build | House |
| 14:36 | Build | Farm |
| 14:37 | Build | Farm |
| 15:29 | Research | Castle Age |
| 15:34 | Build | House |
| 15:42 | Build | Palisade Wall |
| 15:45 | Build | Palisade Wall |
| 15:47 | Build | Palisade Wall |
| 15:56 | Build | Palisade Wall |
| 16:12 | Research | Gold Mining |
| 16:12 | Research | Gold Mining |
| 16:29 | Build | Palisade Wall |
| 16:53 | Build | Farm |
| 17:03 | Build | Palisade Wall |
| 17:09 | Build | Palisade Wall |
| 17:31 | Create | Villager (Male) |
| 17:46 | Research | Horse Collar |
| 17:47 | Research | Horse Collar |
| 18:09 | Age | Castle Age |
| 18:12 | Create | Villager (Male) |
| 18:18 | Build | Siege Workshop |
| 18:34 | Build | Town Center |
| 18:45 | Create | Villager (Male) |
| 18:53 | Create | Battering Ram |
| 19:06 | Create | Villager (Male) |
| 19:18 | Create | Villager (Male) |
| 19:23 | Create | Scorpion |
| 19:25 | Create | Villager (Male) |
| 20:05 | Create | Villager (Male) |
| 20:24 | Create | Battering Ram |
| 20:37 | Create | Battering Ram |
| 20:42 | Create | Villager (Male) |
| 20:43 | Create | Villager (Male) |
| 21:09 | Create | Villager (Male) |
| 21:12 | Build | Farm |
| 21:30 | Create | Scorpion |
| 21:33 | Create | Villager (Male) |
| 21:36 | Build | Farm |
| 21:37 | Build | Farm |
| 21:43 | Create | Villager (Male) |
| 21:43 | Create | Villager (Male) |
| 22:04 | Build | Palisade Wall |
| 22:34 | Create | Villager (Male) |
| 22:40 | Create | Scorpion |
| 22:49 | Create | Villager (Male) |
| 22:50 | Create | Villager (Male) |
| 22:51 | Build | House |
| 23:19 | Create | Villager (Male) |
| 23:23 | Create | Villager (Male) |
| 23:31 | Create | Villager (Male) |
| 23:41 | Create | Villager (Male) |
| 23:53 | Build | Monastery |
| 24:04 | Create | Scorpion |
| 24:07 | Build | Mining Camp |
| 24:11 | Build | Farm |
| 24:13 | Build | House |
| 24:14 | Build | House |
| 24:15 | Build | House |
| 24:19 | Create | Villager (Male) |
| 24:19 | Create | Villager (Male) |
| 24:20 | Create | Villager (Male) |
| 24:20 | Create | Villager (Male) |
| 24:23 | Build | Farm |
| 24:29 | Build | House |
| 24:33 | Build | Palisade Wall |
| 24:46 | Create | Spearman |
| 24:46 | Create | Spearman |
| 24:52 | Create | Villager (Male) |
| 24:57 | Build | House |
| 25:03 | Build | House |
| 25:10 | Build | House |
| 25:13 | Build | House |
Match timeline
| 4:36 | STORM | Noszombie · first_building Barracks |
| 6:53 | STORM | Noszombie · wall_segment Palisade Wall x1 |
| 6:55 | STORM | Noszombie · wall_segment Palisade Wall x1 |
| 7:08 | DS_VarVa · first_building Barracks |
| 7:26 | DS_VarVa · wall_segment Palisade Wall x1 |
| 7:27 | DS_VarVa · wall_segment Palisade Wall x1 |
| 7:33 | DS_VarVa · wall_segment Palisade Wall x1 |
| 7:34 | DS_VarVa · wall_segment Palisade Wall x1 |
| 8:15 | STORM | Noszombie · wall_segment Palisade Wall x3 |
| 8:22 | STORM | Noszombie · wall_segment Palisade Wall x3 |
| 8:31 | DS_VarVa · age_up feudal |
| 8:50 | DS_VarVa · first_building Archery Range |
| 8:57 | STORM | Noszombie · wall_segment Palisade Wall x3 |
| 9:12 | STORM | Noszombie · wall_segment Palisade Wall x4 |
| 9:28 | STORM | Noszombie · wall_segment Palisade Wall x3 |
| 10:48 | DS_VarVa · wall_segment Stone Wall x1 |
| 10:50 | DS_VarVa · wall_segment Stone Wall x1 |
| 11:00 | DS_VarVa · wall_segment Palisade Wall x1 |
| 11:01 | STORM | Noszombie · wall_segment Palisade Wall x5 |
| 12:40 | STORM | Noszombie · wall_segment Palisade Wall x1 |
| 12:59 | DS_VarVa · wall_segment Palisade Wall x1 |
| 13:11 | DS_VarVa · wall_segment Palisade Wall x1 |
| 13:13 | DS_VarVa · wall_segment Palisade Wall x1 |
| 13:18 | STORM | Noszombie · age_up feudal |
| 13:22 | DS_VarVa · wall_segment Palisade Wall x1 |
| 13:22 | DS_VarVa · wall_segment Palisade Wall x1 |
| 14:53 | STORM | Noszombie · first_market_buy 100 food |
| 15:05 | DS_VarVa · wall_segment Palisade Wall x1 |
| 15:06 | DS_VarVa · wall_segment Palisade Wall x1 |
| 15:42 | STORM | Noszombie · wall_segment Palisade Wall x1 |
| 15:45 | STORM | Noszombie · wall_segment Palisade Wall x1 |
| 15:47 | STORM | Noszombie · wall_segment Palisade Wall x1 |
| 15:56 | STORM | Noszombie · wall_segment Palisade Wall x1 |
| 16:29 | STORM | Noszombie · wall_segment Palisade Wall x1 |
| 17:03 | STORM | Noszombie · wall_segment Palisade Wall x4 |
| 17:09 | STORM | Noszombie · wall_segment Palisade Wall x3 |
| 17:52 | DS_VarVa · wall_segment Palisade Wall x1 |
| 18:09 | STORM | Noszombie · age_up castle |
| 18:18 | STORM | Noszombie · first_building Siege Workshop |
| 19:22 | DS_VarVa · first_building Stable |
| 21:43 | DS_VarVa · wall_segment Stone Wall x1 |
| 22:04 | STORM | Noszombie · wall_segment Palisade Wall x1 |
| 22:23 | DS_VarVa · wall_segment Stone Wall x1 |
| 22:25 | DS_VarVa · wall_segment Stone Wall x1 |
| 22:39 | STORM | Noszombie · first_market_sell 100 food |
| 23:24 | DS_VarVa · first_market_sell 100 stone |
| 23:25 | DS_VarVa · first_market_buy 100 food |
| 23:53 | STORM | Noszombie · first_building Monastery |
| 24:33 | STORM | Noszombie · wall_segment Palisade Wall x2 |
| 25:17 | STORM | Noszombie · wall_segment Palisade Wall x1 |
| 25:19 | STORM | Noszombie · wall_segment Palisade Wall x1 |
| 26:19 | DS_VarVa · age_up castle |
| 26:20 | DS_VarVa · first_building Siege Workshop |
| 27:27 | DS_VarVa · first_building Monastery |
| 29:47 | STORM | Noszombie · first_building Castle |
| 34:07 | DS_VarVa · age_up imperial |
| 34:40 | DS_VarVa · first_building Castle |
| 35:23 | STORM | Noszombie · first_building Stable |
| 42:42 | STORM | Noszombie · resign |
[ AI ANALYSIS · 1 CREDIT ]
What really happened in this match?
Wolo.gg analyzes every decision: build order, eco, micro, common mistakes by bracket. Personalized analysis on WhatsApp or Discord in 30 seconds.
Civ guide
Byzantines
Perfil
Jugador #4129359